 Dungeon Crawl Stone Soup version 0.29-a0-419-g77450f2 (webtiles) character file.

Game seed: 13902038993621713932

36 Think the Cutter (level 3, -1/26 HPs)
             Began as an Octopode Fighter on May 18, 2022.
             Was a Follower of Okawaru.
             Slain by a goblin
             ... wielding a +0 club
             ... led by Robin
              (6 damage)
             ... on level 1 of the Dungeon.
             The game lasted 00:03:43 (935 turns).

Think the Cutter (Octopode Fighter)                  Turns: 935, Time: 00:03:44

Health: -1/26      AC:  1    Str: 15    XL:     3   Next: 37%
Magic:  3/3        EV: 13    Int: 12    God:    Okawaru [*.....]
Gold:   41         SH:  4    Dex: 11    Spells: 2/2 levels left

rFire   . . .      SeeInvis .   g - +0 dagger
rCold   . . .      Faith    .   b - +0 buckler
rNeg    . . .      Spirit   .   (helmet restricted)
rPois   .          Reflect  .   (no amulet)
rElec   .          Harm     .   (no ring)
rCorr   .          Rampage  .   (no ring)
Will    .....                   (no ring)
Stlth   +++.......              (no ring)
HPRegen 0.08/turn               (no ring)
MPRegen 0.08/turn               (no ring)
                                (no ring)
                                (no ring)

@: no status effects
A: almost no armour, amphibious, 8 rings, camouflage 1, gelatinous body 1,
(nimble swimmer 1), tentacles
a: Renounce Religion, Heroism


You were on level 1 of the Dungeon.
You worshipped Okawaru.
Okawaru was aware of your devotion.
You visited 1 branch of the dungeon, and saw 2 of its levels.

You collected 41 gold pieces.

Inventory:

Hand Weapons
 a - a +0 rapier
 g - a +0 dagger (weapon)
Armour
 b - a +0 buckler (worn)
Scrolls
 d - a scroll of enchant weapon {unknown}
 e - 2 scrolls of identify {unknown}
 h - a scroll of vulnerability {unknown}
 i - a scroll of torment {unknown}
Potions
 c - a potion of might
 f - a potion of lignification {unknown}
 j - a potion of curing {unknown}
 k - a potion of flight {unknown}
 l - a potion of magic {unknown}


   Skills:
 - Level 3.0 Fighting
 * Level 3.3 Short Blades
 - Level 3.0 Dodging
 + Level 2.1 Stealth
 - Level 3.0 Shields


You had 2 spell levels left.
You didn't know any spells.
Your spell library contained the following spells:

 Spells                   Type           Power      Damage    Failure   Level
 Sandblast                Erth           0%         2d4       41%         1
 Passwall                 Tmut/Erth      0%         N/A       54%         2
 Dazzling Flash           Conj/Hex       0%         N/A       78%         3
 Ignite Poison            Fire/Tmut/Pois 0%         N/A       78%         3
 Stone Arrow              Conj/Erth      0%         3d7       78%         3
 Anguish                  Hex/Necr       0%         N/A       99%         4
 Olgreb's Toxic Radiance  Pois           0%         N/A       99%         4


Dungeon Overview and Level Annotations

Branches:
Dungeon (2/15)

Altars:
Okawaru

Annotations:
D:2 Robin


Innate Abilities, Weirdness & Mutations

You cannot wear most types of armour.
You are amphibious.
You can wear up to eight rings at the same time.
Your skin changes colour to match your surroundings (Stealth+).
Your rubbery body absorbs attacks. (AC +1, EV +1)
((You are camouflaged when in or above water. (Stealth+)))
You have tentacles for arms and can constrict up to eight enemies at once.


Message History

You hit the hobgoblin. You tentacle-slap the hobgoblin.
You kill the hobgoblin!
Okawaru accepts your kill.
Your Stealth skill increases to level 2!
You start resting.
A hobgoblin is nearby!
A hobgoblin is nearby!
You hit the hobgoblin. Your grab misses the hobgoblin.
Your squeeze misses the hobgoblin.
The hobgoblin is moderately wounded.
You hit the hobgoblin. You grab the hobgoblin.
The hobgoblin is severely wounded.
You constrict the hobgoblin. The hobgoblin hits you.
The goblin shouts!
You hit the hobgoblin but do no damage.
The hobgoblin is almost dead.
You constrict the hobgoblin.
You kill the hobgoblin!
Okawaru accepts your kill.
There's something in the way.
You swing at nothing.
You hit the goblin but do no damage. You grab the goblin.
You constrict the goblin. The goblin barely misses you.
Robin roars a battlecry!
The goblin goes into a battle-frenzy!
A goblin comes into view. It is wielding a +0 club.
The goblin shouts!
You hear a shout!
You hit the goblin.
You kill the goblin!
Okawaru accepts your kill.
You hear a shout!
Robin throws the goblin at you!
* * * LOW HITPOINT WARNING * * *
The goblin hits you with a +0 club.
* * * LOW HITPOINT WARNING * * *
The kobold barely misses you. You block the goblin's attack.
You climb upwards.
There is a stone staircase leading down here.
The goblin hits you with a +0 club.
You die...

..............#..#.##.#
......#####.##.#.#.##.#
####..#####.##.#.#.##.######
#..#.....##.............#
####..#.###.##...#.##.####.#
#.....#.##..##...#.##.# #.#
#.##..#.##.###..K#.##.# #.#
........##.# #..>#.##.# #.#
#.##..####.# #.g@#....# #.#
#.##..####.###........# #.#
..##.............###.## #.#
......####.####.## #.# #.#
..##### #.# #.####.#####.#####
#.########.####................#
#......................#######.#
##########.#.########### #.# #
#.#.# #.#


You could see a goblin (strong) and a kobold.

Vanquished Creatures
  An adder (D:2)
  2 ball pythons
  2 endoplasms (D:1)
  A giant cockroach (D:1)
  5 goblins
  5 hobgoblins
  3 bats
  3 frilled lizards
  2 kobolds (D:1)
24 creatures vanquished.

Notes
Turn   | Place    | Note
-------+----------+-------------------------------------------
     0 | D:1      | Think the Octopode Fighter began the quest for the Orb.
     0 | D:1      | Reached XP level 1. HP: 16/16 MP: 1/1
   163 | D:1      | Found a faded altar of an unknown god.
   170 | D:1      | Prayed at the altar of an unknown god.
   170 | D:1      | Became a worshipper of Warmaster Okawaru
   170 | D:1      | Reached * piety under Okawaru
   286 | D:1      | Reached XP level 2. HP: 17/21 MP: 2/2
   869 | D:2      | Reached skill level 1 in Stealth
   869 | D:2      | Reached XP level 3. HP: 26/26 MP: 3/3
   880 | D:2      | Got the Catalogue of Toxic Glamour
   909 | D:2      | Noticed Robin
   935 | D:1      | Slain by a goblin

Illustrated notes

Levels and vault maps discovered:
D:1:      dpeg_arrival_stone_temple_mockup, layout_loops_ring,
          basic_ecumenical_altar
D:2:      layout_rooms, minmay_tetromino_t2, uniq_robin

Skill      XL: |  1  2  3 |
---------------+----------+-----
Short Blades   | 3 |  3.3
Stealth        | 1 2 |  2.1
Fighting       | |  3.0
Dodging        | |  3.0
Shields        | |  3.0

Action                   || total
-------------------------++-------
Melee: Dagger            ||    42
       Rapier            ||     5
       Tentacles         ||    10
       Constrict         ||    12
       Punch             ||     1
 Stab: Sleeping          ||     5
Armor: Skin              ||     2
Dodge: Dodged            ||    19
Block: Buckler           ||    13

Table legend: (Time is in decaauts)
 A = Elapsed time spent in this place.
 B = Non-inter-level travel time spent in this place.
 C = Inter-level travel time spent in this place.
 D = Time resting spent in this place.
 E = Time spent auto-exploring this place.
 F = Levels seen in this place.
 G = Mean time per level.
                   A        B        C        D        E       F      G
               +--------+--------+--------+--------+--------+-----+--------+
         Total |    928 |    910 |     18 |      1 |    690 |   2 |  464.0 |
       Dungeon |    928 |    910 |     18 |      1 |    690 |   2 |  464.0 |
               +--------+--------+--------+--------+--------+-----+--------+

Top non-repeatable levels by time:
     D:1: 752 daAuts
     D:2: 176 daAuts
